 Dungeon Crawl Stone Soup version 0.28-a0-1415-g7c84da036a (webtiles) character file.

Game seed: 10458794829888733172

2 Hasart the Sneak (level 1, 0/10 HPs)
             Began as a Kobold Enchanter on Jan 7, 2022.
             Slain by a kobold (3 damage)
             ... on level 1 of the Dungeon.
             The game lasted 00:01:10 (211 turns).

Hasart the Sneak (Kobold Enchanter)                  Turns: 211, Time: 00:01:11

Health: 0/10       AC:  2    Str:  5    XL:     1   Next: 33%
Magic:  3/3        EV: 15    Int: 16    God:
Gold:   10         SH:  0    Dex: 15    Spells: 4/4 levels left

rFire   . . .      SeeInvis .   a - +1 dagger
rCold   . . .      Faith    .   (no shield)
rNeg    . . .      Spirit   .   b - +0 robe
rPois   .          Reflect  .   (no helmet)
rElec   .          Harm     .   (no cloak)
rCorr   .          Rampage  .   (no gloves)
Will    .....                   (no boots)
Stlth   ++++......              (no amulet)
HPRegen 0.03/turn               (no ring)
MPRegen 0.08/turn               (no ring)

@: no status effects
A: small, no large weapons, nightstalker 3
a: no special abilities


You were on level 1 of the Dungeon.
You visited 1 branch of the dungeon, and saw 1 of its levels.

You collected 10 gold pieces.

Inventory:

Hand Weapons
 a - a +1 dagger (weapon)
Armour
 b - a +0 robe (worn)
Potions
 c - a potion of invisibility
 d - a potion of lignification {unknown}


   Skills:
 + Level 1.4 Short Blades
 + Level 2.4 Dodging
 + Level 4.0 Stealth
 + Level 2.2 Spellcasting
 * Level 3.0 Hexes


You had 4 spell levels left.
You didn't know any spells.
Your spell library contained the following spells:

 Spells                   Type           Power      Damage    Failure   Level
 Ensorcelled Hibernation  Hex/Ice        12%        N/A       16%         2
 Confusing Touch          Hex            11%        N/A       17%         3
 Tukima's Dance           Hex            11%        N/A       17%         3
 Dazzling Flash           Conj/Hex       12%        N/A       32%         3


Dungeon Overview and Level Annotations

Branches:
Dungeon (1/15)

Altars:


Innate Abilities, Weirdness & Mutations

You are small and have problems with some larger weapons.
You are completely attuned to the shadows.


Message History

You hit the ball python but do no damage.
The ball python is moderately wounded.
The ball python bites you. The ball python constricts you.
You hit the ball python.
You kill the ball python!
No target in view!
No target in view!
HP restored.
You see here a ball python corpse.
Found a hunting sling.
You now have 10 gold pieces.
d - a pink potion A kobold comes into view.
It is wielding a +0 short sword.
A kobold is nearby!
The kobold shouts!
The kobold hits you but does no damage.
You hit the kobold but do no damage. The kobold closely misses you.
You hit the kobold but do no damage. The kobold closely misses you.
You closely miss the kobold.
The kobold hits you with a +0 short sword.
You hit the kobold but do no damage. The kobold barely misses you.
You barely miss the kobold. The kobold closely misses you.
You closely miss the kobold. The kobold completely misses you.
You hit the kobold.
The kobold is severely wounded.
The kobold hits you with a +0 short sword.
You completely miss the kobold.
The kobold is severely wounded.
The kobold misses you.
You barely miss the kobold.
The kobold is severely wounded.
The kobold hits you with a +0 short sword.
* * * LOW HITPOINT WARNING * * *
You barely miss the kobold.
The kobold is severely wounded.
The kobold misses you.
You barely miss the kobold.
The kobold is severely wounded.
The kobold hits you with a +0 short sword.
You die...

......# #..)...##
#.......#
#.......######## #
#........##......#.
#......#....####...
####.#####..##....#
#.## #.....@K.#
#..# #.#...###..
##.##........
##.........###
##.......##..
#....... ###.#....#
###...##.###
....####.####


You could see a kobold.

Vanquished Creatures
  A ball python (D:1)
  A rat (D:1)
2 creatures vanquished.

Notes
Turn   | Place    | Note
-------+----------+-------------------------------------------
     0 | D:1      | Hasart the Kobold Enchanter began the quest for the Orb.
     0 | D:1      | Reached XP level 1. HP: 10/10 MP: 3/3
   211 | D:1      | Slain by a kobold

Illustrated notes

Levels and vault maps discovered:
D:1:      dpeg_arrival_erosion, layout_rooms

Action                   || total
-------------------------++-------
Melee: Dagger            ||    15
Armor: Robe              ||     2
Dodge: Dodged            ||    11

Table legend: (Time is in decaauts)
 A = Elapsed time spent in this place.
 B = Non-inter-level travel time spent in this place.
 C = Inter-level travel time spent in this place.
 D = Time resting spent in this place.
 E = Time spent auto-exploring this place.
 F = Levels seen in this place.
 G = Mean time per level.
                   A        B        C        D        E       F      G
               +--------+--------+--------+--------+--------+-----+--------+
         Total |    210 |    210 |      0 |      0 |    184 |   1 |  210.0 |
       Dungeon |    210 |    210 |      0 |      0 |    184 |   1 |  210.0 |
               +--------+--------+--------+--------+--------+-----+--------+

Top non-repeatable levels by time:
     D:1: 210 daAuts
